[Event "*** Titled Tuesday Blitz"]
[Site "Chess.com"]
[Date "2021.03.09"]
[Round "3"]
[White "ajdemipopushi"]
[Black "tgpgoat"]
[Result "1-0"]
[WhiteElo "2349"]
[BlackElo "2160"]
[TimeControl "180+1"]
[EndTime "10:30:14 PST"]
[Termination "ajdemipopushi won by checkmate"]

1. Nf3 Nf6 2. g3 g6 3. c4 Bg7 4. Bg2 O-O 5. O-O d5 6. cxd5 Nxd5 7. d4 b6 8. e4 Nf6 9. Nc3 Bb7 10. Re1 Nbd7 11. h3 Re8 12. Bf4 c5 13. d5 Nh5 14.
Be3 e5 15. Qd2 a6 16. a4 Rc8 17. Rad1 c4 18. d6 Nhf6 19. Nh2 Bc6 20. Ng4 Nxg4 21.
hxg4 b5 22. axb5 axb5 23. f4 b4 24. Nd5 Bxd5 25. Qxd5 exf4 26. gxf4 Bxb2 27. e5 c3 28. Bd4 Nb6 29. Qb3 Qd7 30. Bxb6 Qxg4 31. Be3 Rcd8 32. Qxb4 c2 33. Rc1 Bxc1 34. Rxc1 h5 35. Qd2 h4 36.
Kf1 h3 37. Bh1 g5 38. Rxc2 f6 39. Qe2 Qxe2+ 40. Rxe2 fxe5 41. fxg5 Rxd6 42. Be4 Rf8+ 43. Kg1 Kg7 44. Kh2 Rh8 45. Bf3 Kg6 46. Be4+ Kg7 47.
Bf2 Ra6 48. Bg3 Re6 49. Bf5 Ree8 50. Bxe5+ Kf7 51. g6+ Ke7 52. Bxh8+ Kd8 53. Rxe8+ Kxe8 54. g7 Kf7 55. Bh7 Ke6 56. g8=Q+ Kd6 57. Qg4 Kc5 58.
Kxh3 Kd6 59. Qg6+ Kd5 60. Qe4+ Kc5 61. Qd3 Kc6 62. Kg4 Kc5 63. Kf5 Kc6 64. Ke5 Kc5 65.
Qc3+ Kb5 66. Kd5 Kb6 67. Qc6+ Ka5 68. Qb7 Ka4 69. Kc4 Ka3 70. Qb3# 1-0

[Event "*** Titled Tuesday Blitz"]
[Site "Chess.com"]
[Date "2021.03.09"]
[Round "3"]
[White "ymoy"]
[Black "MITerryble"]
[Result "0-1"]
[WhiteElo "2643"]
[BlackElo "2957"]
[TimeControl "180+1"]
[EndTime "10:30:15 PST"]
[Termination "MITerryble won by resignation"]

1. e4 e6 2. d4 d5 3. Nc3 Nf6 4. e5 Nfd7 5. f4 c5 6. Nf3 Nc6 7.
Be3 Be7 8. Qd2 O-O 9. Be2 b6 10. O-O f5 11. exf6 Nxf6 12. Rad1 Bb7 13. Bb5 Na5 14. Ne5 c4 15. g4 a6 16. g5 axb5 17. gxf6 gxf6 18. Nf3 b4 19. Ne2 c3 20. Qe1 cxb2 21. f5 Kh8 22. Nf4 Rg8+ 23. Kh1 exf5 24. Nh4 Qd7 25. Nd3 Nc4 26. Bh6 Rae8 27. Nxf5 Bd8 28. Qh4 Rg6 29. Qh5 Qe6 30. Rfe1 Qe4+ 31. Rxe4 dxe4 32. Nf4 e3+ 33. d5 e2 34. Re1 b1=Q 35.
Nxg6+ hxg6 36. Bg7+ Kg8 37. Qh8+ Kf7 38. Nh6+ Ke7 39.
Qxe8+ Kxe8 40. Rxb1 Bxd5+ 41. Kg1 Nd2 42. Re1 Nf3+ 43.
Kf2 Nxe1 44. Kxe1 Bxa2 45. Kxe2 Be6 46. Kd3 Be7 47. Ke4 Kd7 48. Kf4 Kc6 49. Ng4 Bxg4 50.
Kxg4 Kd5 51. Bh6 g5 52. Kf5 Kc4 53. Ke6 Bc5 54. Kxf6 Kc3 55. Bxg5 Kxc2 56. h4 b3 57. Ke6 b2 58. Kf6 b1=Q 59. Kg6 Qb3 60. h5 Bd4 61. h6 Qg8+ 62. Kh5 Qh7 63. Kg4 Bc5 64. Kh5 Kd3 65. Kg4 Kc4 66. Bf4 b5 67. Kh5 b4 68. Be5 b3 69. Bg7 Bd4 0-1

[Event "*** Titled Tuesday Blitz"]
[Site "Chess.com"]
[Date "2021.03.09"]
[Round "3"]
[White "moro182"]
[Black "Moon_stone123"]
[Result "1-0"]
[WhiteElo "2687"]
[BlackElo "2503"]
[TimeControl "180+1"]
[EndTime "10:30:15 PST"]
[Termination "moro182 won by checkmate"]

1. d4 d5 2. Bf4 Nf6 3. e3 g6 4. Nc3 Bg7 5. Nb5 Na6 6. h3 c6 7. Nc3 Nb8 8. Nf3 O-O 9. Bd3 b5 10. a4 b4 11. Ne2 Nbd7 12. O-O a5 13. Nc1 c5 14. Bb5 Ba6 15. Bxa6 Rxa6 16. dxc5 Nxc5 17. Be5 Rc6 18. Nd3 Nfe4 19. Bxg7 Kxg7 20. Nf4 e6 21. Nd4 Rc8 22. Nb5 Nd6 23. c3 bxc3 24. Nxc3 Nc4 25. b3 Nd6 26. Nd3 Qb6 27. Nxc5 Rxc5 28. Ne2 Rfc8 29. Rc1 Rxc1 30. Nxc1 Ne4 31. Ne2 Nc3 32. Qd4+ Qxd4 33. Nxd4 Rb8 34. Rc1 Ne4 35. Rc7 Kf6 36.
Nb5 Nd2 37. Nd6 Rf8 38. Rb7 h5 39. h4 e5 40. Rb6 Kg7 41. Rb5 Rd8 42. Nb7 Rd7 43.
Nxa5 d4 44. Nc6 d3 45. Nxe5 Rd8 46. Rb7 Nxb3 47. Nxf7 Rd5 48. Ng5+ Kg8 49. Rb8+ Kg7 50. Ne6+ Kf6 51. Nf4 d2 52. Nxd5+ Ke5 53. Nc3 Nc1 54. Nd1 Ne2+ 55. Kf1 g5 56. Kxe2 Kf5 57. a5 Kg4 58. a6 gxh4 59. a7 h3 60. a8=Q Kh4 61. Qf3 hxg2 62. Qg3# 1-0

[Event "*** Titled Tuesday Blitz"]
[Site "Chess.com"]
[Date "2021.03.09"]
[Round "3"]
[White "starplatinum2030"]
[Black "allvim"]
[Result "0-1"]
[WhiteElo "2169"]
[BlackElo "2353"]
[TimeControl "180+1"]
[EndTime "10:30:15 PST"]
[Termination "allvim won on time"]

1. e4 c5 2. Nf3 d6 3. d4 cxd4 4.
Nxd4 Nf6 5. Nc3 a6 6. Bg5 e6 7.
Qd2 Be7 8. f3 Qc7 9. O-O-O Nc6 10. Kb1 Bd7 11. h4 Ne5 12. Be3 Nc4 13. Bxc4 Qxc4 14.
g4 b5 15. g5 Nh5 16. Nce2 Rc8 17. Bf2 O-O 18. Ng3 Nxg3 19. Bxg3 d5 20. e5 Bb4 21. Qh2 Bc5 22. Bf2 Bxd4 23. Bxd4 b4 24. f4 a5 25.
h5 a4 26. f5 b3 27. axb3 axb3 28. cxb3 Qxb3 29. g6 h6 30. f6 Ra8 31. fxg7 Rfc8 32.
gxf7+ Kxg7 33. Rhg1+ Kh7 34. f8=N+ Rxf8 35. Qh4 Qa2+ 36.
Kc1 Rac8+ 37. Kd2 Qa5+ 38. Ke3 Qd8 39. Qg3 Rg8 40. Qf4 Qf8 41. Rxg8 Qxg8 42. Rf1 Qg7 43. Qf7 Rg8 44. Qxg7+ Rxg7 45. Rf8 Rg5 46. Rd8 Bb5 47.
Rd6 Rxh5 48. Rxe6 Rh4 49. Re7+ Kg6 50. Bc3 Re4+ 51. Kf3 h5 0-1

[Event "*** Titled Tuesday Blitz"]
[Site "Chess.com"]
[Date "2021.03.09"]
[Round "3"]
[White "Sam_ChessMood"]
[Black "VladimirPotkin"]
[Result "1-0"]
[WhiteElo "2882"]
[BlackElo "2619"]
[TimeControl "180+1"]
[EndTime "10:30:16 PST"]
[Termination "Sam_ChessMood won on time"]

1. Nf3 d5 2. g3 Nf6 3. Bg2 c6 4. O-O Bf5 5. c4 e6 6. Qb3 Qb6 7. d3 Nbd7 8. Be3 Bc5 9. d4 Be7 10. Nc3 O-O 11. c5 Qa6 12. Nh4 b6 13. Nxf5 exf5 14.
cxb6 axb6 15. a4 Rfe8 16. Rfc1 Rac8 17. Bd2 Bf8 18. e3 h5 19. Na2 Ne4 20. Bb4 c5 21. Be1 c4 22. Qc2 h4 23. b3 Ndf6 24. bxc4 Rxc4 25.
Bf1 Rxc2 26. Bxa6 Rxc1 27. Rxc1 Ra8 28. Bb5 Nd6 29. Nb4 Nxb5 30. axb5 Bxb4 31. Bxb4 h3 32. f3 Ra2 33. Be7 Rb2 34. Bxf6 gxf6 35. g4 fxg4 36. fxg4 Rxb5 37. Kf2 Rb3 38. Rc6 Kg7 39. Kf3 Kg6 40. Kf4 b5 41. g5 Kg7 42. Rxf6 Rb2 43. Kg3 Re2 44. Kxh3 Rxe3+ 45. Kg2 Re4 46. Rb6 Rxd4 47. Kf3 b4 48. Rb5 Rh4 49. Kg3 Rd4 50. h4 Kg6 51.
Rb6+ Kf5 52. Rf6+ Ke4 53. Rxf7 b3 54. g6 Rb4 55. g7 Rb8 56. Rf8 1-0

[Event "*** Titled Tuesday Blitz"]
[Site "Chess.com"]
[Date "2021.03.09"]
[Round "3"]
[White "atwalcb"]
[Black "Kurkusha"]
[Result "1-0"]
[WhiteElo "2540"]
[BlackElo "2347"]
[TimeControl "180+1"]
[EndTime "10:30:16 PST"]
[Termination "atwalcb won by resignation"]

1. d4 d5 2. Nf3 Nf6 3. c4 e6 4. g3 Bb4+ 5. Bd2 Bd6 6. Bg2 O-O 7.
O-O Nbd7 8. Qc2 c6 9. Rd1 Ne4 10. b3 Nxd2 11. Nfxd2 Nf6 12. Nc3 e5 13. e3 Bg4 14. Re1 Rc8 15. h3 Be6 16. Rad1 Qa5 17.
c5 Bb8 18. a3 b6 19. b4 Qa6 20. a4 bxc5 21. bxc5 Bc7 22. Rb1 Rb8 23. Bf1 Qc8 24. Kh2 Bf5 25. Rxb8 Bxc2 26. Rxc8 Rxc8 27. Rc1 Bf5 28.
Kg2 Rb8 29. g4 Bg6 30. Nd1 exd4 31. exd4 Bf4 32. Ne3 Rb2 33. Rd1 Ne4 34. Nxe4 Bxe4+ 35. Kg1 Ra2 36. Bd3 Bxd3 37. Rxd3 Rxa4 38. Kg2 g6 39. Kf3 Bh6 40. Nc2 Bg7 41. Ke3 Ra2 42. Nb4 Bh6+ 43. Kf3 Ra4 44. Nxc6 Rc4 45. Ne7+ Kf8 46.
Nxd5 Bg7 47. Ke3 a5 48. Nf4 a4 49. Ne2 Ke8 50. Rc3 Rb4 51. Kd3 Kd8 52. c6 Kc7 53.
Rc4 Rb3+ 54. Nc3 a3 55. Kc2 Rb2+ 56. Kd3 Rxf2 57. Nd5+ Kc8 58. c7 Rf3+ 59. Ke4 1-0

[Event "*** Titled Tuesday Blitz"]
[Site "Chess.com"]
[Date "2021.03.09"]
[Round "3"]
[White "Guzman70"]
[Black "Nozdrachev_Leonid"]
[Result "0-1"]
[WhiteElo "2333"]
[BlackElo "2533"]
[TimeControl "180+1"]
[EndTime "10:30:16 PST"]
[Termination "Nozdrachev_Leonid won by resignation"]

1. e4 d6 2. d4 Nf6 3. Nc3 e5 4. Nf3 Nbd7 5. Bc4 Be7 6. a4 O-O 7. O-O c6 8. h3 h6 9. Be3 Re8 10. Nh4 d5 11. exd5 cxd5 12. Ba2 e4 13. Nf5 Nf8 14.
Nxe7+ Rxe7 15. Qe2 Ng6 16. Nb5 a6 17. Na3 Be6 18.
c4 Rc8 19. Rac1 Rec7 20. cxd5 Bxd5 21. Rxc7 Rxc7 22. Bxd5 Nxd5 23. Qg4 Nf6 24. Qg3 Qc8 25. h4 Nh5 26. Qd6 Rc6 27. Qd5 Qg4 28. f3 exf3 29.
Qxf3 Qxf3 30. Rxf3 Nf6 31. g3 Nd5 32. Bd2 f6 33. Rb3 b6 34. Bc3 Nf8 35. Nc2 Kf7 36. Nb4 Nxb4 37. Rxb4 Ke6 38. a5 b5 39. Kf2 Kd5 40. Ke3 Ne6 41. Rb3 Rc4 42. h5 Nxd4 43. Bxd4 Rxd4 44. Rc3 Re4+ 45. Kf3 Rb4 46. Rc7 Rxb2 47.
Kg4 Ra2 48. Rxg7 Rxa5 49. Rg6 b4 50. Kh3 b3 51. Rxh6 b2 52. Rxf6 b1=Q 53. Rb6 Qxb6 54. h6 Qxh6+ 55. Kg4 Qg6+ 56. Kf3 Ra4 57. g4 Qe4+ 58.
Kg3 Qxg4+ 59. Kf2 Qb4 60. Ke2 Qb3 61. Ke1 Ra2 0-1

[Event "*** Titled Tuesday Blitz"]
[Site "Chess.com"]
[Date "2021.03.09"]
[Round "3"]
[White "lachesisQ"]
[Black "DanielDardha2005"]
[Result "1-0"]
[WhiteElo "3084"]
[BlackElo "2677"]
[TimeControl "180+1"]
[EndTime "10:30:18 PST"]
[Termination "lachesisQ won by resignation"]

1. e4 c5 2. Nf3 Nc6 3. d4 cxd4 4. Nxd4 e5 5. Nb3 Nf6 6. Bg5 h6 7. Bxf6 Qxf6 8. Bc4 Bb4+ 9. c3 Be7 10. Qd3 d6 11. N1d2 Be6 12. Nf1 Bxc4 13. Qxc4 Qe6 14. Qd3 Bg5 15.
h4 Bd8 16. Ne3 Bb6 17. Nd5 Ne7 18. Nxb6 axb6 19. Qb5+ Nc6 20. Qxb6 Qg4 21. Qe3 Qxg2 22. O-O-O Qg6 23. a3 Qe6 24. Rd5 Ne7 25. Rb5 O-O 26. Rd1 Rab8 27. h5 Rfd8 28. f3 d5 29. Rb6 Qc8 30. Rg1 Kf8 31. Rxg7 Kxg7 32. Qxh6+ Kg8 33. Qg5+ Kf8 34. Rh6 Ke8 35. Qxe5 Qh3 36. Nd4 Qf1+ 37. Kc2 dxe4 38. Qxe4 Kd7 39. Qg4+ f5 40. Qf4 Qg2+ 41.
Kb3 Qg8+ 42. c4 Rbc8 43. Nb5 Rc6 44. Rxc6 bxc6 45. Qc7+ Ke8 46. Nd6+ Rxd6 47. Qxd6 Qg2 48. h6 Qxf3+ 49. Ka2 Qh5 50. a4 Kf7 51. a5 Qg6 52. c5 Nd5 53. Qd7+ Kg8 54. a6 Nb4+ 55. Ka3 Nxa6 56. Qc8+ Kh7 57. Qxa6 Kxh6 58. Qc4 Kg5 59. b4 f4 60. b5 cxb5 61. Qxb5 f3 62. c6+ Kf4 63. c7 Qd6+ 64. Qb4+ Qxb4+ 65. Kxb4 f2 66. c8=Q f1=Q 67. Qf8+ 1-0

[Event "*** Titled Tuesday Blitz"]
[Site "Chess.com"]
[Date "2021.03.09"]
[Round "3"]
[White "FormerProdigy"]
[Black "klimkoj"]
[Result "1/2-1/2"]
[WhiteElo "2848"]
[BlackElo "2613"]
[TimeControl "180+1"]
[EndTime "10:30:18 PST"]
[Termination "Game drawn by repetition"]

1. d4 Nf6 2. c4 e6 3. Nc3 Bb4 4. e3 O-O 5. Bd3 b6 6. Ne2 Bb7 7. a3 Bxc3+ 8. Nxc3 d6 9. e4 Nbd7 10. O-O c5 11. d5 e5 12. b4 h6 13. Be3 Qe7 14. Rb1 Ba6 15. Qa4 Bb7 16. bxc5 Nxc5 17. Bxc5 dxc5 18. Qd1 Ne8 19. a4 Nd6 20. a5 Ba6 21.
axb6 axb6 22. Rxb6 Bxc4 23. Qe2 Bxd3 24. Qxd3 Rfc8 25.
Rfb1 Ra3 26. Qc2 Rca8 27. h3 Kh7 28. Rc6 Nc4 29. Nb5 R3a4 30. d6 Qf6 31. Nc3 Na3 32. Qd1 Rd4 33. Qb3 Nxb1 34. Qxb1 Rxd6 35. Nd5 Qe6 36.
Nc7 Qd7 37. Rxd6 Qxc7 38. Rb6 c4 39. Rb7 Qa5 40. Rxf7 Qa1 41. Qxa1 Rxa1+ 42. Kh2 c3 43. Rc7 Rc1 44. h4 Kg6 45. h5+ Kxh5 46. Rxg7 Kh4 47.
g3+ Kh5 48. Re7 Kg6 49. Rxe5 Rf1 50. Rc5 Rxf2+ 51. Kh3 Re2 52. Rxc3 Rxe4 53. g4 Kg5 54. Rc5+ Kg6 55. Rc6+ Kg5 56. Rc5+ Kg6 57. Rc6+ Kg5 58. Rc5+ 1/2-1/2

[Event "*** Titled Tuesday Blitz"]
[Site "Chess.com"]
[Date "2021.03.09"]
[Round "3"]
[White "SimplyDevina"]
[Black "noblerone"]
[Result "1/2-1/2"]
[WhiteElo "2190"]
[BlackElo "2393"]
[TimeControl "180+1"]
[EndTime "10:30:19 PST"]
[Termination "Game drawn - insufficient material"]

1. d4 d5 2. c4 c6 3. Nc3 Nf6 4. e3 a6 5. Nf3 b5 6. cxd5 cxd5 7.
Bd3 Bg4 8. h3 Bh5 9. g4 Bg6 10.
Ne5 Bxd3 11. Qxd3 e6 12. g5 Nfd7 13. Nf3 Nc6 14. e4 Nb4 15. Qb1 Be7 16. a3 dxe4 17.
Qxe4 Nd5 18. Nxd5 exd5 19. Qxd5 O-O 20. O-O Nb6 21. Qxd8 Raxd8 22. Be3 Nc4 23. b3 Nxa3 24.
Ne5 Bd6 25. Nc6 Rc8 26. d5 b4 27. Rfc1 Rfe8 28. Kg2 g6 29. Kf3 Kg7 30. Bd4+ Kg8 31. Bb2 Kf8 32. Bf6 Kg8 33. Kg2 Bf8 34. h4 Bd6 35.
Kf3 a5 36. Ra2 Bf8 37. Kg2 Bd6 38. Kf3 Bf8 39. Kg2 Bg7 40. Bxg7 Kxg7 41. Kf3 Rf8 42. Re2 Rc7 43. Re7 Rfc8 44. Rxc7 Rxc7 45. d6 Rd7 46. Rd1 Nb5 47. Nxa5 Rxd6 48. Rxd6 Nxd6 49. Nc6 Nb5 50. Nxb4 Nd4+ 51. Kg4 Nxb3 52. Nd5 Nc5 53.
f4 Nd3 54. Nf6 Nc5 55. f5 Nd7 56. fxg6 Ne5+ 57. Kf5 Nxg6 58. Kg4 Ne5+ 59. Kg3 Ng6 60. h5 Ne5 61. Kf4 Nd3+ 62. Kf5 Nc5 63. h6+ Kf8 64. Nxh7+ Kg8 65. Nf6+ Kh8 66. g6 fxg6+ 67. Kxg6 Ne6 68. h7 Nf8+ 69. Kh6 Nxh7 1/2-1/2

[Event "*** Titled Tuesday Blitz"]
[Site "Chess.com"]
[Date "2021.03.09"]
[Round "3"]
[White "CakeinSpace2002"]
[Black "sofaceindisguise"]
[Result "0-1"]
[WhiteElo "2409"]
[BlackElo "2585"]
[TimeControl "180+1"]
[EndTime "10:30:20 PST"]
[Termination "sofaceindisguise won on time"]

1. e4 c5 2. Nf3 d6 3. c3 Nf6 4.
h3 g6 5. Bd3 Bg7 6. O-O O-O 7.
Bc2 e5 8. a4 Nc6 9. Na3 h6 10.
Re1 Be6 11. d3 d5 12. exd5 Nxd5 13. Nc4 Qc7 14. Qe2 Nf4 15. Bxf4 exf4 16. Qe4 Rfe8 17. Rad1 Rad8 18. Qe2 b6 19. Qf1 Bf5 20. Rxe8+ Rxe8 21. Re1 Rd8 22. Qe2 Bf6 23. Ncd2 Kg7 24. Ne4 Be7 25.
Bb3 Na5 26. Bc2 Rd7 27. Rd1 g5 28. d4 cxd4 29. Nxd4 Bg6 30. Qf3 Nc4 31. Rb1 Ne5 32. Qe2 Qc4 33. Kf1 Qxe2+ 34. Kxe2 a6 35. Nd2 Bxc2 36. Nxc2 f5 37. Nd4 Kg6 38. N2f3 Nxf3 39. Kxf3 Bf6 40. Rd1 h5 41. h4 g4+ 42. Kxf4 Bxh4 43.
g3 Bg5+ 44. Ke5 f4 45. gxf4 Bf6+ 46. Ke4 Re7+ 47. Kd3 Bxd4 48. cxd4 Kf5 49. Rh1 Rh7 50. Ke3 h4 51. d5 h3 52. f3 Re7+ 53. Kf2 Kxf4 54.
fxg4 Kxg4 55. d6 Rf7+ 56. Ke3 Rd7 57. Rd1 h2 58. Kf2 Kf4 59. Kg2 Ke5 60. Kxh2 Rxd6 61.
Rxd6 Kxd6 62. Kg2 Kc5 63. Kf2 Kb4 0-1

[Event "*** Titled Tuesday Blitz"]
[Site "Chess.com"]
[Date "2021.03.09"]
[Round "3"]
[White "ChronicUnhappiness"]
[Black "BashirliSaadat"]
[Result "1/2-1/2"]
[WhiteElo "2344"]
[BlackElo "2170"]
[TimeControl "180+1"]
[EndTime "10:30:20 PST"]
[Termination "Game drawn - insufficient material"]

1. c4 e6 2. d4 d5 3. cxd5 exd5 4. Nc3 c6 5. Nf3 Bf5 6. Bf4 Bd6 7. Bxd6 Qxd6 8. e3 Nf6 9. Bd3 Bxd3 10. Qxd3 O-O 11. O-O Nbd7 12. b4 Nb6 13. b5 Nc4 14. Rab1 Rfe8 15.
h3 Ne4 16. bxc6 bxc6 17. Nxe4 Rxe4 18. Rb7 a5 19. Rfb1 h6 20. Nd2 Nxd2 21. Qxd2 a4 22. Qb4 Qe6 23. Rb8+ Rxb8 24. Qxb8+ Kh7 25. Qa8 Qf5 26.
Rf1 c5 27. Qxa4 cxd4 28. exd4 Qf4 29. Rd1 Re2 30. Rf1 Rd2 31. Qb3 Rxd4 32. Rd1 Rd2 33.
Rxd2 Qxd2 34. g3 Qe1+ 35. Kg2 Qe4+ 36. Kh2 Qd4 37. Kg1 Qe4 38. a4 d4 39. Qc4 f6 40. a5 Qe1+ 41. Kg2 Qxa5 42. Qxd4 Qa8+ 43. Kh2 Qf3 44. Qe3 Qxe3 45. fxe3 Kg6 46. g4 Kg5 47.
Kg3 f5 48. h4+ Kf6 49. h5 fxg4 50. Kxg4 Ke5 51. Kf3 Kf5 52. e4+ Ke5 53. Ke3 Kf6 54. Kf4 g6 55. e5+ Kf7 56. hxg6+ Kxg6 57. Kg4 h5+ 58. Kh4 Kf5 59. e6 Kxe6 60. Kxh5 1/2-1/2

[Event "*** Titled Tuesday Blitz"]
[Site "Chess.com"]
[Date "2021.03.09"]
[Round "3"]
[White "zeitnot2006"]
[Black "Fy_Rakotomaharo"]
[Result "1/2-1/2"]
[WhiteElo "2513"]
[BlackElo "2708"]
[TimeControl "180+1"]
[EndTime "10:30:22 PST"]
[Termination "Game drawn by repetition"]

1. a3 a6 2. h3 b5 3. d4 Bb7 4. Nf3 e6 5. e3 c5 6. c4 bxc4 7. Bxc4 Nf6 8. O-O Be7 9. Nc3 O-O 10.
b3 cxd4 11. Nxd4 d5 12. Be2 Nbd7 13. Bb2 Re8 14. Rc1 Bf8 15. b4 Rc8 16. Nb3 Nb6 17. Na5 Qd7 18. Qb3 Bd6 19. Rfd1 Bb8 20. Nxb7 Qxb7 21.
Na4 Nbd7 22. g3 Ne4 23. h4 Bxg3 24. fxg3 Qb8 25. Bf3 Qxg3+ 26. Bg2 Qf2+ 27. Kh2 Qxh4+ 28. Kg1 Qf2+ 29. Kh2 Ng5 30. e4 Qh4+ 31. Kg1 Nxe4 32. Qf3 Ndf6 33. Nc5 Nxc5 34. Bxf6 gxf6 35. Rxc5 Kh8 36.
Qf2 Qg5 37. Rf1 f5 38. Qd4+ Kg8 39. Qf2 Rcd8 40. Rc3 Qf6 41. Rg3+ Kh8 42. Rh3 d4 43. Qf4 d3 44. Rd1 Rd4 45. Qf3 Red8 46. Qh5 Qg6 47. Qxg6 fxg6 48. Bf1 d2 49. Kf2 e5 50. Rc3 e4 51.
Ke3 g5 52. Bxa6 f4+ 53. Ke2 e3 54. Rc8 Kg7 55. Rc7+ Kf6 56. Rc6+ Ke5 57. Rc5+ Kf6 58. Bb7 R8d6 59. Rc8 g4 60. Rf8+ Kg5 61. Rg8+ Kh4 62. Rh1+ Kg3 63. Rg1+ Kh2 64. Rh1+ Kg3 65. Rg1+ Kh2 66.
Rh1+ Kg3 1/2-1/2

[Event "*** Titled Tuesday Blitz"]
[Site "Chess.com"]
[Date "2021.03.09"]
[Round "3"]
[White "Pantata007"]
[Black "SkippingLaptop"]
[Result "1-0"]
[WhiteElo "2322"]
[BlackElo "2093"]
[TimeControl "180+1"]
[EndTime "10:30:22 PST"]
[Termination "Pantata007 won on time"]

1. d4 Nf6 2. c4 e6 3. Nc3 Bb4 4. e3 d5 5. a3 Bxc3+ 6. bxc3 O-O 7. Bd3 c5 8. Ne2 Nc6 9. cxd5 exd5 10. O-O c4 11. Bc2 Re8 12. Ng3 g6 13. f3 h5 14.
Re1 h4 15. Nh1 Bf5 16. Bxf5 gxf5 17. Nf2 Ne7 18. e4 dxe4 19. fxe4 Nxe4 20. Nxe4 fxe4 21.
Bg5 Qd5 22. Bxh4 Ng6 23. Qg4 Qe6 24. Qg5 Rad8 25. Re3 Rd5 26. Qg3 f5 27. Rf1 Rf8 28. Bg5 Qd6 29. Bf4 Qe6 30. h4 Kf7 31. h5 Ne7 32.
Be5 Rg8 33. Qh3 Rxe5 34. dxe5 Qxe5 35. h6 f4 36. h7 Rh8 37. Ree1 Kg7 38. Qg4+ Ng6 39.
Rd1 Rxh7 40. Rd7+ Kh8 41. Rxh7+ Kxh7 42. Qh3+ Kg7 43. Qd7+ Kf6 44. Qxb7 Qc5+ 45. Kh1 Qh5+ 46. Kg1 Qe5 47. Rf2 e3 48. Re2 Ne7 49. Qf3 Nf5 50.
g4 Nh4 51. Qh3 Kg5 52. Rh2 Qh8 53. Kf1 1-0

[Event "*** Titled Tuesday Blitz"]
[Site "Chess.com"]
[Date "2021.03.09"]
[Round "3"]
[White "TheCavemanChesss"]
[Black "Onischuk_V"]
[Result "0-1"]
[WhiteElo "2566"]
[BlackElo "2828"]
[TimeControl "180+1"]
[EndTime "10:30:23 PST"]
[Termination "Onischuk_V won by resignation"]

1. e4 d6 2. d4 Nf6 3. Nc3 g6 4. Bf4 c6 5. Qd2 Nbd7 6. O-O-O Nb6 7. Nf3 h6 8. e5 Nfd5 9. exd6 exd6 10. Ne4 Nxf4 11. Qxf4 Be7 12. Bd3 g5 13. Qg3 f5 14.
h4 fxe4 15. Bxe4 gxh4 16. Qg7 Kd7 17. Rhe1 Qf8 18. Bxc6+ bxc6 19. Rxe7+ Qxe7 20. Qxh8 Ba6 21. Qxh6 Rg8 22. Re1 Qf7 23. Nxh4 Nd5 24. b3 Qf4+ 25. Qxf4 Nxf4 26. g3 Ne2+ 27. Kd2 Nxd4 28. c3 Ne6 29. Rh1 Rh8 30. Re1 c5 31. Re3 Bb7 32. c4 Rf8 33.
f4 Nd4 34. Kd3 Re8 35. g4 Rxe3+ 36. Kxe3 Ke6 37. f5+ Kf6 38. Kf4 Ne2+ 39. Ke3 Nc1 40. Kf4 Nd3+ 41. Ke3 Ne5 42. Kf4 Nf7 43. Ng6 a5 44.
Nf8 Bc8 45. Nh7+ Kg7 46. Ng5 Nxg5 47. Kxg5 Bd7 48. Kf4 a4 49. g5 Bc6 50. Kg4 a3 51. Kf4 Bb7 52. Ke3 Kf7 53. Kf4 Bg2 54. Ke3 Bh1 55.
Kf4 Ke7 56. Ke3 Bg2 57. Kf4 Bh3 58. Ke4 Bg2+ 59. Kf4 d5 60. cxd5 Bxd5 61. Ke5 Bxb3 62. f6+ Kf7 63. Kf5 Bc2+ 0-1

[Event "*** Titled Tuesday Blitz"]
[Site "Chess.com"]
[Date "2021.03.09"]
[Round "3"]
[White "boasovietica"]
[Black "Durarbayli"]
[Result "0-1"]
[WhiteElo "2439"]
[BlackElo "2680"]
[TimeControl "180+1"]
[EndTime "10:30:24 PST"]
[Termination "Durarbayli won on time"]

1. e4 c5 2. Nf3 d6 3. d4 cxd4 4. Nxd4 Nf6 5. Nc3 Nc6 6. Nb3 g6 7. Be2 Bg7 8. O-O O-O 9. Bg5 a6 10. a4 Be6 11. Kh1 Rc8 12. f4 Na5 13. f5 Bc4 14.
Bd3 Re8 15. Nxa5 Qxa5 16. Qe2 Qb4 17. Rab1 Bxd3 18. cxd3 Qb3 19. Rbc1 b5 20. axb5 axb5 21. Bxf6 Bxf6 22. Nd5 Rxc1 23. Nxf6+ exf6 24. Rxc1 d5 25. h3 dxe4 26. dxe4 Qb4 27. fxg6 hxg6 28. Re1 Re5 29.
Qf1 Kg7 30. Re2 Qc4 31. Kg1 Qd4+ 32. Kh1 Qc4 33. Kg1 b4 34. Qf3 Qd4+ 35. Qe3 Rxe4 36. Qxd4 Rxd4 37. Kf2 f5 38. Rc2 Kf6 39. Ke3 Re4+ 40.
Kd3 Kg5 41. Rc4 Kf4 42. Rc7 f6 43. Rc6 Re3+ 44. Kd2 Rb3 45. Kc2 Rg3 46. Rc4+ Kg5 47. Rxb4 Rxg2+ 48. Kb1 f4 49. Rd4 f5 50. b4 f3 51. h4+ Kh5 52. Rf4 Rg4 53. Rxf3 Rxb4+ 54. Kc2 Rxh4 55. Rg3 Rg4 56. Rh3+ Kg5 57. Rh8 Re4 58. Kd3 Kf4 59. Rg8 g5 60. Rh8 g4 61. Rh1 Re3+ 62. Kd2 Rf3 0-1

[Event "*** Titled Tuesday Blitz"]
[Site "Chess.com"]
[Date "2021.03.09"]
[Round "3"]
[White "kobemagic"]
[Black "elohunter1999"]
[Result "0-1"]
[WhiteElo "2426"]
[BlackElo "2642"]
[TimeControl "180+1"]
[EndTime "10:30:25 PST"]
[Termination "elohunter1999 won on time"]

1. c4 e5 2. g3 c6 3. d4 e4 4. Nc3 d5 5. Bg2 Nf6 6. Bg5 Bb4 7. f3 Nbd7 8. Nh3 exf3 9. exf3 O-O 10. O-O dxc4 11.
a3 Bxc3 12. bxc3 h6 13. Bf4 Nd5 14. Qd2 Nxf4 15. Nxf4 Nb6 16. Rfe1 Nd5 17. Nxd5 cxd5 18.
f4 b5 19. Re5 Bb7 20. Rae1 Qd6 21. f5 Bc6 22. Qc1 Rfe8 23. Qf4 Rxe5 24. dxe5 Qxa3 25. e6 f6 26. Qc7 Be8 27. Bxd5 Qxc3 28. Bxa8 Qxe1+ 29. Kg2 Qe2+ 30. Kg1 Qd1+ 31. Kg2 Qc2+ 32.
Kg1 Qxf5 33. e7 Qb1+ 34. Kg2 Qc2+ 35. Kg1 Qd1+ 36. Kg2 Qe2+ 37. Kg1 Qd1+ 38. Kg2 Qe2+ 39. Kg1 Qe3+ 40. Kg2 Qb6 41. Bd5+ Kh7 42. Be4+ f5 43.
Bxf5+ g6 44. Qxb6 axb6 45. Be6 Kg7 46. Kf3 Kf6 47. Bd5 Kxe7 48. Ke4 Kd6 49. Kd4 Bc6 50. Bf7 g5 51. h4 gxh4 52. gxh4 Ke7 53. Bg6 Kf6 54.
Bc2 Be8 55. Bd1 Bf7 56. Bf3 b4 57. Be2 c3 58. Kd3 b5 59. Bf3 Bc4+ 60. Kc2 Kf5 0-1

[Event "*** Titled Tuesday Blitz"]
[Site "Chess.com"]
[Date "2021.03.09"]
[Round "3"]
[White "Manukyan_Artak"]
[Black "tlomigtlis"]
[Result "0-1"]
[WhiteElo "2406"]
[BlackElo "2605"]
[TimeControl "180+1"]
[EndTime "10:30:26 PST"]
[Termination "tlomigtlis won by checkmate"]

1. e4 c5 2. Nf3 d6 3. Bb5+ Nd7 4. O-O a6 5. Bd3 Ngf6 6. c3 b5 7. a4 c4 8. Bc2 Bb7 9. Qe2 e6 10. Na3 Qb6 11. d3 cxd3 12. Bxd3 Nc5 13. Be3 bxa4 14. Nc4 Qc7 15. Bxc5 Qxc5 16. Rxa4 Be7 17. b4 Qc6 18. Rfa1 Nxe4 19. Bxe4 Qxe4 20. Qxe4 Bxe4 21. Rxa6 Rxa6 22. Rxa6 O-O 23. Nd4 Bd3 24. Rc6 Ra8 25. f4 Be4 26. Rc7 Bf8 27. b5 Rb8 28. b6 d5 29. Ne5 Rxb6 30. Rc8 Rb7 31. Nb5 Rxb5 32. Nd7 g6 33. Rxf8+ Kg7 34. Rc8 Rb1+ 35. Kf2 Rb2+ 36. Ke3 Rxg2 37.
Ne5 Rxh2 38. Rc7 Rc2 39. Rxf7+ Kg8 40. Rc7 Bf5 41. Nd7 Kf7 42. Ne5+ Kg8 43. Nd7 Kg7 44.
Kd4 Re2 45. Ne5+ Kh6 46. Nf7+ Kh5 47. Ng5 h6 48. Nf7 Re4+ 49. Kc5 Rxf4 50. Kd6 Rc4 51. Rxc4 dxc4 52. Ne5 Kg5 53. Nxc4 h5 54. Nd2 h4 55. c4 h3 56. c5 Kf4 57. c6 h2 58. c7 e5 59. Nc4 h1=Q 60. Nxe5 Qd1+ 61. Kc6 Kxe5 62. Kb7 Qd7 63. Ka8 Qc8+ 64. Ka7 Qxc7+ 65. Ka6 Bd3# 0-1

[Event "*** Titled Tuesday Blitz"]
[Site "Chess.com"]
[Date "2021.03.09"]
[Round "3"]
[White "queen_iryna"]
[Black "ukchessbomber"]
[Result "0-1"]
[WhiteElo "2347"]
[BlackElo "2540"]
[TimeControl "180+1"]
[EndTime "10:30:27 PST"]
[Termination "ukchessbomber won by resignation"]

1. e4 g6 2. d4 d6 3. Nc3 Bg7 4. Be3 c6 5. h4 h5 6. Qd2 b5 7. f3 b4 8. Nd1 Qa5 9. Nf2 e5 10. Ne2 Ne7 11. dxe5 dxe5 12. Qd6 Be6 13. Bc5 Nc8 14. Bxb4 Nxd6 15. Bxa5 Nc4 16. Bc3 Ne3 17. Kd2 Bh6 18. f4 Nc4+ 19. Ke1 O-O 20. g3 Ne3 21. Kd2 Nc4+ 22. Ke1 Rd8 23. Nd3 Ne3 24. Kd2 Ng4 25. Ke1 f5 26. Nxe5 Ne3 27. Rc1 fxe4 28. Nd4 Bf5 29. Nxf5 gxf5 30. Bc4+ Nxc4 31. Nxc4 Kh7 32.
Ke2 Rg8 33. Rhg1 Na6 34. b4 Nc7 35. Rcd1 Nd5 36. Bd2 Bf8 37. Ne3 Kg6 38. Nxd5 cxd5 39.
Bc3 Rd8 40. a3 Be7 41. Bd4 a6 42. c3 Rc8 43. Ke3 Rgd8 44. Rc1 Rc4 45. Rgd1 Kf7 46. a4 Ke6 47. a5 Rg8 48. Kf2 Rgc8 49. Ke3 Bxb4 50.
Rb1 Bxa5 51. Rb7 Bxc3 52. Rb6+ R8c6 53. Rxc6+ Rxc6 54. Rb1 Bxd4+ 55. Kxd4 Rc4+ 56. Ke3 d4+ 57. Kd2 d3 58. Rb6+ Kd5 59. Rxa6 Rc2+ 60. Kd1 e3 61. Ra5+ Ke4 62. Ra4+ Kf3 63. Ra1 Rh2 64. Kc1 Rh1+ 65. Kb2 Rxa1 0-1